 Dungeon Crawl Stone Soup version 0.23.2-33-g5129a83184 (webtiles) character file.

Game seed: 6806621121469809524

17566 H0rd4k the Carver (level 12, -8/93 HPs)
             Began as a Human Artificer on July 31, 2019.
             Was an Initiate of Gozag.
             Mangled by Harold
             ... wielding a +2 halberd of freezing
              (18 damage)
             ... on level 1 of the Lair of Beasts.
             The game lasted 00:23:20 (14009 turns).

H0rd4k the Carver (Human Artificer)                Turns: 14009, Time: 00:23:21

Health: -8/93      AC: 13    Str: 24    XL:     12   Next: 84%
Magic:  15/15      EV: 14    Int: 17    God:    Gozag
Gold:   2747       SH:  0    Dex: 17    Spells: 11/11 levels left

rFire    + . .     SeeInvis +   v - +9 falchion "Zast" {drain, rF+ rC+ Int-3 Dex+3}
rCold    + . .     Gourm    +   (no shield)
rNeg     + + .     Faith    .   U - +3 scale mail of Xiboud {Str+3 Int+3}
rPois    .         Spirit   .   a - +2 hat {SInv}
rElec    .         Reflect  .   (no cloak)
rCorr    .         Harm     .   (no gloves)
MR       .....                  (no boots)
Stlth    +++.......             T - amulet "Qintecor" {Gourm Str+5}
HPRegen  0.25/turn              B - ring of Peij {*Contam rN+ Int+4 Stlth+}
MPRegen  0.14/turn              w - ring of positive energy

@: no status effects
A: no striking features
a: Potion Petition, Call Merchant, Bribe Branch, Renounce Religion


You were on level 1 of the Lair of Beasts.
You worshipped Gozag.
Gozag was most pleased with you.
You were not hungry.

You visited 3 branches of the dungeon, and saw 15 of its levels.

You collected 2864 gold pieces.
You paid 117 gold pieces to Gozag.

Inventory:

Hand Weapons
 v - the +9 falchion "Zast" (weapon) {drain, rF+ rC+ Int-3 Dex+3}
   (You found it on level 4 of the Dungeon)

   A truly terrible weapon, it drains the life of those it strikes.
   It affects your intelligence (-3).
   It affects your dexterity (+3).
   It protects you from fire.
   It protects you from cold.
 S - a +4 scimitar of freezing
Missiles
 q - 15 javelins (quivered)
 H - 13 tomahawks
Armour
 a - a +2 hat of see invisible (worn)
 b - a +0 leather armour
 j - a +3 scale mail of positive energy
 U - the +3 scale mail of Xiboud (worn) {Str+3 Int+3}
   (You found it on level 11 of the Dungeon)

   It affects your strength (+3).
   It affects your intelligence (+3).
Magical Staves
 D - an uncursed staff of energy
Jewellery
 s - an uncursed ring of ice
 w - a ring of positive energy (right hand)
 B - the ring of Peij (left hand) {*Contam rN+ Int+4 Stlth+}
   (You found it on level 5 of the Dungeon)

   [ring of positive energy]

   It affects your intelligence (+4).
   It protects you from negative energy.
   It causes magical contamination when unequipped.
   It makes you more stealthy.
 I - a cursed ring of attention {unknown}
 T - the amulet "Qintecor" (around neck) {Gourm Str+5}
   (You found it on level 10 of the Dungeon)

   [amulet of the gourmand]

   It allows you to eat raw meat even when not hungry.
   It affects your strength (+5).
Wands
 c - a wand of flame (45)
 d - a wand of enslavement (20)
 e - a wand of random effects (50)
 r - a wand of disintegration (18)
 C - a wand of clouds (5)
 P - a wand of iceblast (4)
Scrolls
 h - a scroll of magic mapping {unknown}
 m - 8 scrolls of teleportation
 o - 12 scrolls of identify
 y - 2 scrolls of fear {unknown}
 z - 6 scrolls of remove curse
 A - 2 scrolls of immolation {unknown}
 E - 2 scrolls of enchant weapon {unknown}
 F - a scroll of fog {unknown}
 K - 2 scrolls of random uselessness {unknown}
 M - a scroll of torment {unknown}
 O - a scroll of blinking {unknown}
Potions
 g - a potion of heal wounds
 i - a potion of brilliance {unknown}
 k - 2 potions of resistance
 l - a potion of agility
 n - 3 potions of flight {unknown}
 p - 5 potions of berserk rage
 t - 3 potions of lignification {unknown}
 u - 4 potions of degeneration {unknown}
 x - 2 potions of cancellation {unknown}
 G - a potion of might {unknown}
 J - 3 potions of haste {unknown}
 L - a potion of magic {unknown}
 N - a potion of mutation {unknown}
Miscellaneous
 R - a sack of spiders
Comestibles
 f - 23 rations


   Skills:
 + Level 8.2 Fighting
   Level 4.6(9.4) Short Blades
 + Level 12.3(12.6) Long Blades
 + Level 0.9 Throwing
 + Level 9.2 Armour
 + Level 6.3 Dodging
 + Level 5.6 Stealth
 + Level 4.7 Evocations


You had 11 spell levels left.
You didn't know any spells.
Your spell library contained the following spells:

 Spells                   Type           Power        Failure   Level  Hunger
 Magic Dart               Conj           #...         45%         1    ##.....
 Blink                    Tloc           N/A          58%         2    ###....
 Call Imp                 Summ           #.......     58%         2    ###....
 Slow                     Hex            #.......     58%         2    ###....
 Conjure Flame            Conj/Fire      #.......     83%         3    ####...
 Mephitic Cloud           Conj/Pois/Air  #.......     83%         3    ####...


Dungeon Overview and Level Annotations

Branches:
Dungeon (12/15)            Temple (1/1) D:6            Lair (2/6) D:11
    Orc (0/2) D:10
  Swamp: Lair:2-4    Shoals: Lair:2-4     Snake: Lair:2-4    Spider: Lair:2-4

Altars:
Ashenzari
Cheibriados
Dithmenos
Elyvilon
Fedhas
Gozag
Hepliaklqana
Kikubaaqudgha
Makhleb
Nemelex Xobeh
Okawaru
Qazlal
Ru
Sif Muna
Trog
Uskayaw
Vehumet
Wu Jian
Xom
Yredelemnul
Zin
The Shining One

Annotations:
D:2 exclusion: 2 downstairs
D:3 2 transporters
D:4 1 runed translucent door, raetorn's ghost, novice FoFi
D:11 exclusion: downstairs
D:12 Frances
Lair:1 Harold; Urug


Message History

Harold throws a throwing net.
The throwing net hits you.
You become entangled in the net!
You stop ascending the stairs.
You struggle against the net.
Harold points at you and mumbles some strange words.
You barely resist.
You struggle against the net.
You struggle against the net.
You struggle against the net.
You struggle against the net.
You shred the net and break free!
Harold throws a throwing net.
The throwing net hits you.
You become entangled in the net!
You struggle against the net.
You struggle against the net.
Harold gestures at you while chanting. The harpoon shot hits you!
* * * LOW HITPOINT WARNING * * *
You are yanked forward by the harpoon shot.
Harold hits you from afar with a +2 halberd of freezing!!
You die...
Your body crumbles into a pile of gold.

.. ##............#
..[.. #P...........##
..... ##.........[..#
.....##............##
...≈.≈..............#
..≈≈≈≈.............##
.≈≈≈≈≈≈≈...........#
.≈≈≈≈≈.............#
.≈≈≈≈≈≈@....########
.≈≈≈≈≈≈........#
.≈≈≈≈≈≈≈@.#P.#+###
..≈≈≈≈≈≈≈.......P#
...≈≈≈≈.........##
....≈≈≈.+.......#
.......##.......#
.....+.##.......#
.....#.#........#


You could see Harold.

Vanquished Creatures
  Fannar (Lair:1)
  A two-headed ogre (D:10)
  An ogre mage (D:10)
  Sonja (D:12)
  Pikel (D:9)
  An orc knight (D:10)
  An orc sorcerer (D:10)
  A cyclops (D:12)
  An ugly thing (D:10)
  A guardian serpent (D:11)
  A black mamba (Lair:1)
  A yaktaur (D:11)
  2 komodo dragons
  3 trolls
  5 hippogriffs
  A wraith (D:11)
  A wyvern (D:11)
  A water elemental (D:11)
  5 yaks
  2 basilisks
  Grum (Lair:1)
  A steam dragon (D:8)
  2 hungry ghosts (D:10)
  2 vampire mosquitoes (Lair:1)
  Edmund (D:5)
  Menkaure (D:7)
  An insubstantial wisp (Lair:1)
  5 water moccasins
  6 sky beasts
  4 orc warriors
  2 porcupines (Lair:1)
  2 eyes of draining
  2 black bears
  4 ice beasts
  8 ogres
  3 wolves (Lair:1)
  8 centaurs
  5 crocodiles
  8 bullfrogs
  A wyvern skeleton (D:11)
  3 troll zombies (D:10)
  7 scorpions
  A water moccasin skeleton (D:11)
  8 killer bees (D:7)
  5 wights
  An electric eel (D:11)
  2 howler monkeys (D:11)
  3 crimson imps
  A bullfrog zombie (D:12)
  A centaur zombie (D:10)
  2 quasits
  3 hounds
  A jelly (D:5)
  5 orc priests
  5 orc wizards
  A bullfrog skeleton (D:5)
  5 iguanas
  Ijyb (D:3)
  10 worker ants
  A killer bee zombie (D:7)
  5 ogre zombies (D:10)
  9 gnolls
  10 adders
  6 shadow imps
  2 oozes
  An adder skeleton (D:4)
  2 adder zombies (D:6)
  4 worms
  A dart slug (D:2)
  10 leopard geckos
  34 orcs
  A ball python (D:1)
  3 giant cockroaches
  3 goblins
  3 hobgoblins
  10 jackals
  9 kobolds
  3 quokkas
  4 bats
  5 frilled lizards
  A hobgoblin skeleton (D:10)
  3 hobgoblin zombies (D:10)
  7 orc skeletons (D:10)
  14 orc zombies (D:10)
  2 quokka zombies
  6 rats
323 creatures vanquished.

Vanquished Creatures (others)
  A water moccasin (D:9)
  A slave (D:9)
  2 worker ants (D:9)
  A hound zombie (D:9)
  A gnoll (D:9)
  2 fungi (Lair:1)
  2 plants
10 creatures vanquished.

Grand Total: 333 creatures vanquished

Notes
Turn   | Place    | Note
-------+----------+-------------------------------------------
     0 | D:1      | H0rd4k the Human Artificer began the quest for the Orb.
     0 | D:1      | Reached XP level 1. HP: 15/15 MP: 3/3
    61 | D:1      | Reached XP level 2. HP: 15/21 MP: 4/4
   689 | D:1      | Reached XP level 3. HP: 18/26 MP: 5/5
  1378 | D:1      | Reached skill level 1 in Armour
  1659 | D:2      | Found a shattered altar of Ashenzari.
  1710 | D:2      | Found a hazy altar of Hepliaklqana.
  1867 | D:3      | Reached XP level 4. HP: 24/32 MP: 6/6
  1870 | D:3      | Found a transporter.
  1871 | D:3      | Found a transporter.
  2172 | D:3      | Noticed Ijyb
  2466 | D:3      | Reached XP level 5. HP: 37/37 MP: 7/7
  3288 | D:3      | Killed Ijyb
  3288 | D:3      | Reached XP level 6. HP: 32/44 MP: 8/8
  3719 | D:3      | Found a bloodstained altar of Trog.
  3898 | D:4      | Got a fine falchion
  3899 | D:4      | Identified the +9 falchion "Zast" {drain, rF+ rC+ Int-3
                  | Dex+3} (You found it on level 4 of the Dungeon)
  3983 | D:4      | Found a runed translucent door.
  3999 | D:4      | Noticed raetorn's ghost (novice FoFi)
  4037 | D:4      | Noticed an ogre
  4043 | D:4      | Killed an ogre
  4166 | D:4      | Found a shimmering altar of Xom.
  4167 | D:4      | Found a burning altar of Makhleb.
  4170 | D:4      | Reached XP level 7. HP: 45/49 MP: 10/10
  4291 | D:4      | Reached skill level 1 in Long Blades
  4590 | D:5      | Entered Level 5 of the Dungeon
  4641 | D:5      | Reached skill level 2 in Long Blades
  4641 | D:5      | Reached XP level 8. HP: 41/56 MP: 11/11
  4751 | D:5      | Got a shimmering pewter ring
  4793 | D:5      | Reached skill level 3 in Long Blades
  5243 | D:5      | Noticed Edmund
  5256 | D:5      | Killed Edmund
  5256 | D:5      | Reached skill level 4 in Long Blades
  5413 | D:5      | Found a deep blue altar of Sif Muna.
  5639 | D:6      | Found a staircase to the Ecumenical Temple.
  5661 | Temple   | Entered the Ecumenical Temple
  6051 | D:6      | Reached skill level 5 in Armour
  6181 | D:6      | Reached skill level 5 in Long Blades
  6181 | D:6      | Reached XP level 9. HP: 57/62 MP: 12/12
  6328 | D:6      | Reached skill level 6 in Long Blades
  6455 | D:7      | Found a snail-covered altar of Cheibriados.
  6455 | D:7      | Found an opulent altar of Gozag.
  6456 | D:7      | Found an ornate altar of the Wu Jian Council.
  6526 | D:7      | Became a worshipper of Gozag Ym Sagoz the Greedy
  6771 | D:7      | Reached skill level 7 in Long Blades
  6805 | D:7      | Found a flagged portal.
  7040 | D:7      | Noticed Menkaure
  7047 | D:7      | Killed Menkaure
  7153 | D:7      | Reached XP level 10. HP: 56/71 MP: 13/13
  7450 | D:7      | Reached skill level 8 in Long Blades
  7684 | D:8      | Found a blossoming altar of Fedhas.
  8225 | D:9      | Noticed Pikel
  8238 | D:9      | Killed Pikel
  8238 | D:9      | Reached skill level 9 in Long Blades
  8309 | D:9      | Reached skill level 5 in Fighting
  8706 | D:9      | Identified the ring of Peij {*Contam rN+ Int+4 Stlth+} (You
                  | found it on level 5 of the Dungeon)
  8748 | D:10     | Entered Level 10 of the Dungeon
  8813 | D:10     | Noticed an ogre mage
  8817 | D:10     | Killed an ogre mage
  8817 | D:10     | Reached XP level 11. HP: 72/80 MP: 14/14
  8824 | D:10     | Reached skill level 10 in Long Blades
  8825 | D:10     | Noticed a cyan ugly thing
  8828 | D:10     | Killed a cyan ugly thing
  8829 | D:10     | Noticed an orc knight
  8842 | D:10     | Killed an orc knight
  8842 | D:10     | Reached skill level 5 in Dodging
  9155 | D:10     | Noticed a two-headed ogre
  9159 | D:10     | Killed a two-headed ogre
  9244 | D:10     | Found a staircase to the Orcish Mines.
  9244 | D:10     | Noticed an orc sorcerer
  9263 | D:10     | Killed an orc sorcerer
  9484 | D:10     | Reached skill level 11 in Long Blades
 10315 | D:10     | Got a clouded bronze amulet
 10352 | D:10     | Identified the amulet "Qintecor" {Gourm Str+5} (You found
                  | it on level 10 of the Dungeon)
 11372 | D:11     | Reached XP level 12. HP: 55/91 MP: 15/15
 11537 | D:11     | Reached skill level 5 in Stealth
 11842 | D:11     | Found a staircase to the Lair.
 12334 | D:11     | Got a jewelled scale mail
 12345 | D:11     | Identified the +3 scale mail of Xiboud {Str+3 Int+3} (You
                  | found it on level 11 of the Dungeon)
 12685 | D:12     | Noticed Sonja
 12702 | D:12     | Killed Sonja
 12963 | D:12     | Noticed Frances
 12995 | Lair:1   | Entered Level 1 of the Lair of Beasts
 13024 | Lair:1   | Reached skill level 12 in Long Blades
 13263 | Lair:1   | Noticed Urug
 13282 | Lair:1   | Noticed Fannar
 13304 | Lair:1   | Killed Fannar
 13331 | Lair:1   | Noticed Grum
 13366 | Lair:1   | Killed Grum
 13528 | Lair:1   | You fall through a shaft!
 13912 | Lair:1   | Noticed Harold
 14009 | Lair:1   | Mangled by Harold

Skill      XL: |  1  2  3  4  5  6  7  8  9 10 11 12 |
---------------+-------------------------------------+-----
Armour         | 1 2 3 4 5 6 7 9 |  9.2
Short Blades   | 2 3 4 |  4.6
Evocations     | 4 |  4.7
Long Blades    | 2 5 7 9 11 12 | 12.3
Fighting       | 2 3 5 7 8 |  8.2
Stealth        | 2 3 4 5 |  5.6
Dodging        | 3 4 5 6 |  6.3
Throwing       | |  0.9

Action                   |  1- 3 |  4- 6 |  7- 9 | 10-12 || total
-------------------------+-------+-------+-------+-------++-------
Melee: Short sword       |   172 |    76 |       |       ||   248
       Falchion          |       |    14 |   204 |   635 ||   853
Throw: Javelin           |       |     1 |     4 |       ||     5
Evoke: Wand              |       |    19 |       |    11 ||    30
  Use: Scroll            |       |     5 |       |     1 ||     6
       Potion            |       |       |     3 |     6 ||     9
 Stab: Sleeping          |     4 |       |     2 |     8 ||    14
       Distracted        |       |       |       |     4 ||     4
  Eat: Chunk             |     3 |     7 |     8 |       ||    18
       Ration            |       |       |     1 |     7 ||     8
Armor: Leather armour    |    14 |       |       |       ||    14
       Scale mail        |    47 |    38 |       |   106 ||   191
       Ring mail         |       |     5 |    74 |    70 ||   149
Dodge: Dodged            |   113 |    33 |   115 |   366 ||   627
       Rpst.: Falchion   |       |     4 |    36 |    85 ||   125
